 Dungeon Crawl Stone Soup version 0.21.1-1-g345015f (webtiles) character file.

35871 troglodite the Blocker (level 13, -10/154 HPs)
             Began as a Demonspawn Berserker on Mar 9, 2018.
             Was a High Priest of Trog.
             Killed by divine providence
             ... invoked by an orc priest
             ... led by an orc warlord
              (12 damage)
             ... on level 2 of the Orcish Mines.
             The game lasted 00:58:40 (17765 turns).

troglodite the Blocker (Demonspawn Berserker)      Turns: 17765, Time: 00:58:41

Health: -10/154    AC: 28    Str: 25    XL:     13   Next: 49%
Magic:  0/13       EV:  7    Int: 12    God:    Trog [*****.]
Gold:   1039       SH: 20    Dex: 14    Spells: 12/12 levels left

rFire    + + .     SeeInvis .   G - +11 mace "Killer Bee's Foe" {crush, rF+}
rCold    . . .     Gourm    .   F - +2 large shield
rNeg     . . .     Faith    .   J - +1 crystal plate armour
rPois    +         Spirit   +   (helmet restricted)
rElec    .         Reflect  .   N - +2 cloak
rCorr    .         Harm     .   (no gloves)
MR       +....                  E - +2 pair of boots
Stlth    ..........             (no amulet)
HPRegen  0.35/turn              i - ring of poison resistance
MPRegen  0.26/turn              W - ring of protection from magic

@: berserking (expiring), drained, very quick
A: horns 2, clever 1, fire resistance 1, magic shield, magic regeneration, flame
cloud immunity, MP-powered wands, sturdy frame 1
a: Berserk, Trog's Hand, Brothers in Arms, Burn Spellbooks, Renounce Religion


You were on level 2 of the Orcish Mines.
You worshipped Trog.
Trog was extremely pleased with you.
You were very hungry.

You visited 2 branches of the dungeon, and saw 16 of its levels.
You visited the Abyss 1 time.
You also visited: Ossuary.

You collected 1413 gold pieces.
You spent 374 gold pieces at shops.

Inventory:

Hand Weapons
 C - a +2 long sword of freezing
 G - the +11 mace "Killer Bee's Foe" (weapon) {crush, rF+}
   (You found it on level 11 of the Dungeon)

   It inflicts extra damage upon your enemies.
   It protects you from fire.
 L - a +2 scimitar of flaming
Armour
 E - a +2 pair of boots (worn)
 F - a +2 large shield (worn)
 J - a +1 crystal plate armour (worn)
 N - a +2 cloak (worn)
Jewellery
 e - an uncursed ring of ice
 i - a ring of poison resistance (left hand)
 m - an uncursed ring of flight
 W - a ring of protection from magic (right hand)
Wands
 a - a wand of disintegration (17)
 s - a wand of flame (27)
 x - a wand of scattershot (4)
 y - a wand of paralysis (9)
 D - a wand of random effects (21)
 M - a wand of polymorph (21)
 R - a wand of clouds (4)
 S - a wand of acid (4)
 T - a wand of enslavement (9)
 U - a wand of digging (32)
 V - a wand of iceblast (9)
Scrolls
 g - 2 scrolls of enchant weapon
 h - 2 scrolls of fog
 k - 12 scrolls of remove curse
 u - 2 scrolls of magic mapping
 v - a scroll of silence {unknown}
 z - 7 scrolls of teleportation
 A - a scroll of fear {unknown}
 H - a scroll of blinking {unknown}
 X - a scroll of noise {unknown}
Potions
 b - 3 potions of cancellation
 d - a potion of berserk rage
 f - 11 potions of curing
 j - 3 potions of magic
 l - 2 potions of brilliance
 n - 2 potions of agility
 o - 2 potions of flight
 q - 8 potions of heal wounds
 r - 3 potions of invisibility
 w - a potion of might
 B - a potion of haste
 I - 2 potions of lignification
 K - 3 potions of mutation
 O - a potion of ambrosia {unknown}
 P - a potion of resistance
Comestibles
 c - 15 rations


   Skills:
 * Level 10.0(9.8) Fighting
   Level 4.1(6.4) Short Blades
 + Level 8.1(8.3) Long Blades
 + Level 5.3(5.1) Maces & Flails
 * Level 10.1(9.9) Armour
 * Level 8.4(8.1) Dodging
 - Level 1.6(1.4) Stealth
 * Level 10.9(10.7) Shields


You had 12 spell levels left.
You didn't know any spells.

Dungeon Overview and Level Annotations

Branches:
Dungeon (14/15) Temple (0/1) D:4 Lair (0/6) D:9 Orc (2/2) D:10 Elf (0/3) Orc:2 Vaults (0/5) D:12 D:13

Altars:
Cheibriados
Dithmenos
Elyvilon
Fedhas
Gozag
Kikubaaqudgha
Makhleb
Nemelex Xobeh
Okawaru
Sif Muna
Vehumet
Xom
Yredelemnul
Zin
The Shining One
Beogh

Shops:
D:5 *   D:6 [*   D:9 %


Innate Abilities, Weirdness & Mutations

You have a pair of horns on your head.
Your flesh is heat resistant. (rF+)
When hurt, damage is shared between your health and your magic reserves.
You regenerate magic rapidly.
You are immune to clouds of flame.
Your movements are slightly less encumbered by armour. (ER -2)
Your mind is acute. (Int +2)
You expend magic power (3 MP) to strengthen your wands.


Message History

The orc warrior barely misses you. You block the orc warrior's attack.
The orc hits you but does no damage. The orc warrior completely misses you.
The orc hits you but does no damage. x2
You hit the orc warrior.
The orc warrior is heavily wounded.
You block the orc's attack. x2; The orc hits you but does no damage.
The orc warrior hits you with a dire flail!
* * * LOW HITPOINT WARNING * * *
The orc warlord hits you with a battleaxe!
* * * LOW HITPOINT WARNING * * *
You block the orc warrior's attack. The orc warrior barely misses you.
The orc hits you with a hand axe.
* * * LOW HITPOINT WARNING * * *
Your shield and crystal plate armour prevent you from hitting the orc warrior.
The orc warrior is heavily wounded.
You block the orc's attack. x2; The orc hits you but does no damage.
You block the orc's attack.
The orc priest mumbles some strange prayers to Beogh against you.
Beogh smites you!
You die...

*,,,,,,,,,****,,,,,,,,,,****,,
****,,....,**,.......,,,*,*,,,
*,,....#***.......,,,,,,,,,
***.....###.......,,,,,,,,,
*..............**,,,,,,,,
*............#***,,,,,,,,
**##...oo...#* *,**,,,,,,
#...oooo[.# ****,,,,,,
**#...oo@oo.#****,,,,,,,,
**......ooo)..#*,,,,,,,,,,
*,....$........#,,,,,,,,,,
**,.............#*,,,,,,*,,
***,,..$............,,,,,**,,
*,,,,..$.###........,*,,,***,
***,,....* ##.......,,,******
*,,,...,***,......#,∩,***,,,
**,,,,,,,,,,,,,,,,,,,,,,,,,,


You could see an orc warlord, 3 orc warriors, 2 orc priests and 7 orcs.

Vanquished Creatures
  Frances (D:13)
  2 orc warlords
  Nessos (D:13)
  Snorg (D:12)
  Harold (D:10)
  7 two-headed ogres
  2 centaur warriors
  Erica (D:8)
  The ghost of Anonimus the Shield-Bearer, a novice GnFi of Ashenzari (D:7)
  2 unseen horrors (D:11)
  An orc knight (Orc:1)
  An orc sorcerer (Orc:1)
  An ugly thing (D:11)
  A manticore (D:13)
  A cyclops (D:11)
  Maurice (D:11)
  3 centaur skeletons
  A gargoyle (D:13)
  2 kobold demonologists (D:9)
  A komodo dragon (D:12)
  5 trolls
  The ghost of Grenin the Cudgeler, an amateur HOBe of Trog (D:3)
  A hornet (D:8)
  Prince Ribbit (D:7)
  2 hippogriffs (D:8)
  A wyvern (D:10)
  A spriggan (D:8)
  20 yaks
  2 vampires (D:13)
  16 humans
  A basilisk (D:12)
  A warg (Orc:2)
  2 water moccasins
  A soldier ant (D:10)
  13 orc warriors
  Duvessa (D:7)
  4 ice beasts
  3 sky beasts
  A phantom (D:5)
  3 eyes of draining (D:13)
  8 ogres
  5 centaurs
  4 big kobolds
  4 bullfrogs
  A wyvern zombie (D:13)
  A gnoll sergeant (Orc:1)
  Dowan (D:7)
  15 scorpions
  An electric eel (D:10)
  18 wights
  7 howler monkeys
  5 crimson imps
  2 centaur zombies
  3 human zombies (Ossuary)
  An iron imp (Abyss:2)
  7 hounds
  2 jellies
  11 orc wizards
  A quasit (D:12)
  A bullfrog skeleton (D:8)
  Crazy Yiuf (D:6)
  8 orc priests
  Jessica (D:2)
  3 iguanas
  Terence (D:2)
  7 worker ants
  A big kobold zombie (Ossuary)
  2 hound zombies
  A hound skeleton (D:11)
  2 howler monkey zombies
  3 mummies (Ossuary)
  2 worker ant zombies
  8 gnolls
  6 scorpion zombies (Ossuary)
  16 adders
  An ooze (D:6)
  3 worms
  6 dart slugs
  5 leopard geckos
  50 orcs
  9 giant cockroaches
  A gnoll zombie (Ossuary)
  9 hobgoblins
  7 jackals
  19 kobolds
  8 quokkas
  9 bats
  8 frilled lizards
  2 goblins
  4 goblin zombies (Ossuary)
  2 hobgoblin zombies (Ossuary)
  A kobold zombie (Ossuary)
  2 orc zombies (Ossuary)
  8 rats
426 creatures vanquished.

Vanquished Creatures (collateral kills)
  The ghost of Scuka the Impaler, a journeyman MfGl of Trog (D:11)
  An orc knight (D:12)
  A troll (Orc:2)
  A basilisk (D:12)
  2 orc warriors (Orc:2)
  An orc wizard (Orc:2)
  4 orcs (Orc:2)
11 creatures vanquished.

Vanquished Creatures (others)
  A hobgoblin zombie (Ossuary)
1 creature vanquished.

Grand Total: 438 creatures vanquished

Notes
Turn   | Place    | Note
-------+----------+-------------------------------------------
     0 | D:1      | troglodite the Demonspawn Berserker began the quest for the Orb.
     0 | D:1      | Reached XP level 1. HP: 18/18 MP: 1/1
    79 | D:1      | Gained mutation: When hurt, damage is shared between your health and your magic reserves. [demonic ancestry]
    79 | D:1      | Reached XP level 2. HP: 14/24 MP: 2/2
   597 | D:1      | Gained mutation: Your flesh is heat resistant. (rF+) [demonic ancestry]
   597 | D:1      | Reached XP level 3. HP: 28/29 MP: 3/3
  1021 | D:1      | Reached ** piety under Trog
  1091 | D:2      | Found a blossoming altar of Fedhas.
  1118 | D:2      | Noticed Jessica
  1122 | D:2      | Killed Jessica
  1126 | D:2      | Gained mutation: You regenerate magic rapidly. [demonic ancestry]
  1126 | D:2      | Reached XP level 4. HP: 34/37 MP: 4/4
  1337 | D:2      | Found a deep blue altar of Sif Muna.
  1348 | D:2      | Noticed Terence
  1354 | D:2      | Killed Terence
  1481 | D:2      | Reached XP level 5. HP: 39/42 MP: 5/5
  1651 | D:2      | Found a snail-covered altar of Cheibriados.
  2320 | D:3      | Reached *** piety under Trog
  2332 | D:3      | Noticed Grenin's ghost (amateur HOBe)
  2386 | D:3      | Killed Grenin's ghost
  2386 | D:3      | Reached XP level 6. HP: 41/49 MP: 3/6
  2622 | D:3      | Found a shimmering altar of Xom.
  2623 | D:3      | Found a burning altar of Makhleb.
  2693 | D:3      | Reached XP level 7. HP: 55/55 MP: 7/7
  2792 | D:3      | Found a sparkling altar of Nemelex Xobeh.
  3548 | D:4      | Found a basalt altar of Yredelemnul.
  3566 | D:4      | Found a sand-covered staircase.
  3578 | Ossuary  | Entered an ossuary
  3635 | Ossuary  | Reached skill level 5 in Fighting
  3663 | Ossuary  | Reached skill level 1 in Short Blades
  3970 | Ossuary  | Gained mutation: You have a pair of small horns on your head. [demonic ancestry]
  3970 | Ossuary  | Reached XP level 8. HP: 61/63 MP: 6/8
  4077 | Ossuary  | Reached **** piety under Trog
  4239 | Ossuary  | Reached skill level 5 in Armour
  4243 | Ossuary  | Reached skill level 1 in Stealth
  4403 | D:4      | Found an opulent altar of Gozag.
  4666 | D:4      | Found a staircase to the Ecumenical Temple.
  4886 | D:4      | Found a roughly hewn altar of Beogh.
  5319 | D:5      | Entered Level 5 of the Dungeon
  5606 | D:5      | Found Ylopetot's Assorted Antiques.
  6063 | D:5      | You fall through a shaft!
  6080 | D:6      | Reached XP level 9. HP: 56/70 MP: 5/9
  6412 | D:6      | Found Arisayd's Antique Armour Boutique.
  6485 | D:6      | Bought a pair of glowing boots for 187 gold pieces
  6485 | D:6      | Bought a glowing large shield for 187 gold pieces
  6687 | D:6      | Found an iron altar of Okawaru.
  6774 | D:6      | Reached skill level 1 in Shields
  6988 | D:6      | Found Umuist's General Store.
  7061 | D:6      | Reached skill level 5 in Long Blades
  7076 | D:6      | Found a runed door.
  7080 | D:6      | Noticed Crazy Yiuf
  7082 | D:6      | Killed Crazy Yiuf
  7230 | D:7      | Noticed Prince Ribbit
  7251 | D:7      | Killed Prince Ribbit
  7253 | D:7      | Reached skill level 5 in Dodging
  7389 | D:7      | Noticed Duvessa
  7389 | D:7      | Noticed Dowan
  7397 | D:7      | Killed Duvessa
  7400 | D:7      | Killed Dowan
  7492 | D:7      | Reached ***** piety under Trog
  7652 | D:7      | Noticed Anonimus's ghost (novice GnFi)
  7664 | D:7      | Killed Anonimus's ghost
  7732 | D:7      | Found a white marble altar of Elyvilon.
  7754 | D:7      | Gained mutation: Your movements are slightly less encumbered by armour. (ER -2) [demonic ancestry]
  7754 | D:7      | Reached XP level 10. HP: 79/79 MP: 10/10
  7761 | D:7      | Found an ancient bone altar of Kikubaaqudgha.
  8366 | D:8      | Noticed Erica
  8377 | D:8      | Killed Erica
  8418 | D:8      | Found a radiant altar of Vehumet.
  8653 | D:8      | Found a glowing golden altar of the Shining One.
  9040 | D:9      | Reached skill level 5 in Shields
  9076 | D:9      | Received a gift from Trog
  9250 | D:9      | Noticed an orange demon
  9352 | D:9      | Gained mutation: You are immune to clouds of flame. [demonic ancestry]
  9352 | D:9      | Reached XP level 11. HP: 86/86 MP: 11/11
  9606 | D:9      | Found Gastrafoa's Food Emporium.
  9649 | D:9      | Found a glowing silver altar of Zin.
  9892 | D:9      | Found a staircase to the Lair.
 10559 | D:10     | Entered Level 10 of the Dungeon
 11215 | D:10     | Noticed a two-headed ogre
 11220 | D:10     | Killed a two-headed ogre
 11608 | D:10     | Noticed a two-headed ogre
 11615 | D:10     | Killed a two-headed ogre
 11658 | D:10     | Found a staircase to the Orcish Mines.
 11692 | D:10     | Noticed Harold
 11700 | D:10     | Killed Harold
 11954 | D:11     | Noticed Maurice
 11964 | D:11     | Killed Maurice
 11993 | D:11     | Got a shimmering mace
 11994 | D:11     | Identified the +11 mace "Killer Bee's Foe" {crush, rF+} (You found it on level 11 of the Dungeon)
 12001 | D:11     | Noticed a two-headed ogre
 12009 | D:11     | Killed a two-headed ogre
 12101 | D:11     | Killed an unseen horror
 12111 | D:11     | Reached skill level 1 in Maces & Flails
 12398 | D:11     | Noticed a brown ugly thing
 12412 | D:11     | Killed a brown ugly thing
 12674 | D:11     | Killed an unseen horror
 12840 | D:11     | Found a shadowy altar of Dithmenos.
 12883 | D:11     | Gained mutation: You have a pair of horns on your head. [demonic ancestry]
 12883 | D:11     | Reached XP level 12. HP: 95/95 MP: 12/12
 12943 | D:11     | Noticed a two-headed ogre
 12950 | D:11     | Killed a two-headed ogre
 13096 | D:11     | Noticed Scuka's ghost (journeyman MfGl)
 13126 | D:11     | Killed Scuka's ghost
 13533 | D:12     | Noticed a two-headed ogre
 13541 | D:12     | Killed a two-headed ogre
 14004 | D:12     | Noticed Snorg
 14018 | D:12     | Killed Snorg
 14298 | D:12     | Found a burning altar of Makhleb.
 14353 | D:12     | Noticed a centaur warrior
 14365 | D:12     | Killed a centaur warrior
 14370 | D:12     | Received a gift from Trog
 14621 | D:13     | Found a gate to the Vaults.
 14621 | D:13     | Noticed a two-headed ogre
 14621 | D:13     | Noticed Nessos
 14864 | D:13     | Killed a two-headed ogre
 15267 | D:13     | Killed Nessos
 15267 | D:13     | Reached skill level 10 in Shields
 15348 | D:13     | Noticed Frances
 15360 | D:13     | Killed Frances
 15360 | D:13     | Reached XP level 13. HP: 102/102 MP: 9/13
 16427 | Orc:1    | Entered Level 1 of the Orcish Mines
 16452 | D:10     | Reached skill level 10 in Armour
 16786 | Orc:1    | Cast into level 2 of the Abyss (orc warrior)
 16855 | Orc:1    | Escaped the Abyss
 16870 | Orc:1    | Noticed an orc warlord
 16928 | Orc:1    | Killed an orc warlord
 16928 | Orc:1    | Reached skill level 10 in Fighting
 16928 | Orc:1    | Reached skill level 5 in Maces & Flails
 16965 | Orc:1    | Gained mutation: You expend magic power (3 MP) to strengthen your wands. [a neqoxec]
 16966 | Orc:1    | Gained mutation: Your mind is acute. (Int +2) [a neqoxec]
 17382 | Orc:2    | Entered Level 2 of the Orcish Mines
 17393 | Orc:2    | Noticed an orc warlord
 17401 | Orc:2    | Noticed an orc warlord
 17762 | Orc:2    | Killed an orc warlord
 17764 | Orc:2    | HP: 4/154 [orc warlord/battleaxe (6)]
 17765 | Orc:2    | Killed from afar by an orc priest

Skill      XL: |  1  2  3  4  5  6  7  8  9 10 11 12 13 |
---------------+----------------------------------------+-----
Armour         | 2 4 5 6 7 8 9 10 | 10.1
Long Blades    | 3 4 6 7 8 |  8.1
Dodging        | 2 3 4 5 6 7 8 |  8.4
Fighting       | 4 5 6 7 8 9 10 | 10.0
Short Blades   | 1 4 |  4.1
Stealth        | 1 |  1.6
Shields        | 3 6 8 10 | 10.9
Maces & Flails | 2 4 5 |  5.3

Action                   |  1- 3 |  4- 6 |  7- 9 | 10-12 | 13-15 || total
-------------------------+-------+-------+-------+-------+-------++-------
Melee: Falchion          |    83 |   150 |       |       |       ||   233
       Dagger            |       |     3 |   251 |       |       ||   254
       Short sword       |       |       |    98 |       |       ||    98
       Headbutt          |       |       |    74 |   190 |    57 ||   321
       Long sword        |       |       |   149 |    55 |       ||   204
       Scimitar          |       |       |       |   356 |       ||   356
       Mace              |       |       |       |   325 |   222 ||   547
Invok: Berserk           |     1 |     5 |    10 |    16 |     8 ||    40
       Burn Spellbooks   |       |       |       |     2 |       ||     2
       Brothers in Arms  |       |       |       |     2 |     2 ||     4
       Trog's Hand       |       |       |       |     1 |       ||     1
  Use: Scroll            |       |       |    13 |     4 |     9 ||    26
 Stab: Paralysed         |       |     2 |     1 |       |       ||     3
       Petrifying        |       |       |     2 |       |       ||     2
  Eat: Chunk             |     2 |     9 |    12 |    38 |     6 ||    67
       Ration            |       |       |     4 |     1 |     3 ||     8
Armor: Ring mail         |    43 |    65 |   123 |       |       ||   231
       Crystal plate arm |       |       |     9 |   688 |   218 ||   915
Dodge: Dodged            |    79 |   128 |   223 |   108 |    53 ||   591
Block: Large shield      |       |       |    90 |   886 |   359 ||  1335
       Rpst.: Falchion   |    27 |    34 |       |       |       ||    61
       Long sword        |       |       |    13 |       |       ||    13
       Scimitar          |       |       |       |     5 |       ||     5
